 Dungeon Crawl Stone Soup version 0.13-a0-2923-g04ac8d1 (webtiles) character file.

108 PolkaDot the Sneak (level 3, -8/22 HPs)
             Began as a Vampire Wizard on Sept 2, 2013.
             Killed from afar by Jessica (11 damage)
             ... with a wand of frost
             ... on Level 2 of the Dungeon.
             The game lasted 00:09:30 (2053 turns).

PolkaDot the Sneak (Vampire Wizard)                 Turns: 2053, Time: 00:09:30

HP  -8/22        AC  3     Str  6      XL: 3   Next: 67%
MP   1/10        EV 12     Int 21      God:
Gold 53          SH  0     Dex 12      Spells:  2 memorised,  4 levels left

Res.Fire  : . . .   See Invis. : +   j - -1,+0 elf dagger (curse)
Res.Cold  : . . .   Warding    : .   a - +0 robe
Life Prot.: . . .   Conserve   : .   (no shield)
Res.Poison: .       Res.Corr.  : .   b - +0 wizard hat
Res.Elec. : .       Clarity    : .   g - +0 cloak
Sust.Abil.: . .     Spirit.Shd : .   (no gloves)
Res.Mut.  : .       Stasis     : .   (no boots)
Res.Rott. : .       Flight     : .   (no amulet)
Saprovore : . . .                    (no ring)
                                     (no ring)

@: regenerating quickly, very slightly contaminated, slightly resistant to
hostile enchantments, stealthy
A: fangs 3, see invisible, unbreathing
a: no special abilities


You were on level 2 of the Dungeon.
You were very full.

You visited 1 branch of the dungeon, and saw 2 of its levels.

You collected 33 gold pieces.

Inventory:

Hand weapons
 j - a cursed -1,+0 elven dagger (weapon)
Armour
 a - a +0 robe (worn)
 b - a +0 wizard hat (worn)
 g - a +0 cloak (worn)
Scrolls
 e - a scroll of noise {unknown}
 f - a scroll of teleportation {unknown}
 h - a scroll of magic mapping {unknown}
 i - 5 scrolls of identify {unknown}
 k - a scroll of enchant weapon II {unknown}
 l - a scroll of remove curse {unknown}
Potions
 d - a potion of curing {unknown}
 m - a potion of cure mutation {unknown}
Books
 c - a book of Minor Magic

   Spells                             Type                      Level
   *Magic Dart                        Conjuration                  1
   Blink                              Translocation                2
   Call Imp                           Summoning                    2
   Repel Missiles                     Charms/Air                   2
   Slow                               Hexes                        2
   Conjure Flame                      Conjuration/Fire             3
   *Mephitic Cloud                    Conjuration/Poison/Air       3


   Skills:
 - Level 2.1 Dodging
 - Level 3.0 Stealth
 - Level 3.0 Spellcasting
 * Level 2.5 Conjurations
   Level 1.0 Summonings
   Level 0.7 Translocations
 + Level 1.0 Air Magic


You had 4 spell levels left.
You knew the following spells:

 Your Spells              Type           Power        Failure   Level  Hunger
a - Magic Dart            Conj           ##..         6%          1    None
s - Mephitic Cloud        Conj/Pois/Air  #.......     30%         3    ###....


Dungeon Overview and Level Annotations

Branches:
Dungeon (2/27)

Altars:
Nemelex Xobeh
Okawaru

Annotations:
D:2 Jessica


Innate Abilities, Weirdness & Mutations

Your natural rate of healing is unusually fast.
You have razor-sharp teeth.*
You have supernaturally acute eyesight.
You can survive without breathing.*


Message History

Jessica zaps a wand.
The puff of frost hits you!
Casting: Magic Dart
Confirm with . or Enter, or press ? or * to list all spells.
Aiming: Magic Dart
Press: ? - help, Shift-Dir - straight line, f/p - Jessica
Aim: Jessica, wielding an orcish club, wearing a robe and carrying a wand of frost {zapped: 2} (severely wounded, moving very quickly)
The magic dart hits Jessica.
Jessica is severely wounded.
Jessica zaps a wand.
The puff of frost hits you!
* * * LOW HITPOINT WARNING * * *
Casting: Magic Dart
Confirm with . or Enter, or press ? or * to list all spells.
Aiming: Mephitic Cloud
Press: ? - help, Shift-Dir - straight line, f/p - Jessica
Aim: Jessica, wielding an orcish club, wearing a robe and carrying a wand of frost {zapped: 3} (severely wounded, moving very quickly)
You miscast Mephitic Cloud.
You are very lightly contaminated with residual magic.
Nothing appears to happen.
Jessica zaps a wand.
The puff of frost hits you!
Ouch! That really hurt!
You die...

..# ### . .## ..
#####K### ####
#.......# ...#
#.......# .).#
#.....@.# ...#
#......@# ...#
####.......#
...####..'.......#
...'....##.......#
...#######.......#
#### ####..###
##..#### #......#
########......#


You could see Jessica and a kobold.

Vanquished Creatures
  An adder (D:2)
  2 oozes (D:1)
  5 bats
  3 goblins
  7 hobgoblins
  3 jackals (D:1)
  3 quokkas (D:2)
  3 giant cockroaches
  A giant gecko (D:2)
  3 giant newts
  5 kobolds (D:1)
  7 rats
43 creatures vanquished.

Notes
Turn   | Place    | Note
--------------------------------------------------------------
     0 | D:1      | PolkaDot, the Vampire Wizard, began the quest for the Orb.
     0 | D:1      | Reached XP level 1. HP: 11/11 MP: 6/6
   150 | D:1      | Reached skill level 1 in Conjurations
   170 | D:1      | Found a sparkling altar of Nemelex Xobeh.
   307 | D:1      | Reached XP level 2. HP: 17/17 MP: 4/8
  1011 | D:1      | Reached XP level 3. HP: 22/22 MP: 6/10
  1016 | D:1      | Learned a level 3 spell: Mephitic Cloud
  1871 | D:2      | Reached skill level 1 in Air Magic
  1959 | D:2      | Found an iron altar of Okawaru.
  2045 | D:2      | Noticed Jessica
  2053 | D:2      | Killed from afar by Jessica

Action                   || total
-------------------------++-------
Melee: Unarmed           ||     3
 Cast: Magic Dart        ||   130
       Mephitic Cloud    ||     2
  Use: Potion            ||     1
 Stab: Sleeping          ||     1
